[Event "EYTCC Open U18 2022"]
[Site "Thessaloniki"]
[Date "2022.07.17"]
[Round "6.26"]
[White "Kristoferitsch, Daniel"]
[Black "Aydogdu, Selcan Ayberk"]
[Result "1-0"]
[ECO "C18"]
[WhiteElo "2312"]
[BlackElo "1902"]
[Annotator "ChessBase"]
[PlyCount "79"]
[EventDate "2022.07.12"]
[EventType "team-tourn"]
[EventCountry "GRE"]
[SourceTitle "playchess.com"]
[Source "ChessBase"]
[SourceQuality "1"]
[WhiteTeam "Austria"]
[BlackTeam "Turkey"]
[WhiteTeamCountry "AUT"]
[BlackTeamCountry "TUR"]
[TimeControl "40/5400+30:1800+30"]

1. e4 e6 2. d4 d5 3. Nc3 Bb4 4. e5 c5 5. a3 Bxc3+ 6. bxc3 Qa5 7. Bd2 Qa4 8. h4 Nc6 9. h5 h6 10. Qg4 Kf8 11. Rh3 Nge7 12. Qf4 Ke8 13. Rf3 Rf8 14. Bd3 Kd8 15. Rg3 Nf5 16. Bxf5 exf5 17. Rxg7 Qxc2 18. Ne2 Be6 19. Qxh6 Kd7 20. Qf4 c4 21. h6 Ne7 22. Rc1 Qb3 23. h7 Qxa3 24. Qg5 Qa6 25. Nf4 Rae8 26. Nh5 Kc8 27. Nf6 Rd8 28. Ng8 Ng6 29. Rxg6 fxg6 30. h8=Q Rxg8 31. Qh7 Rde8 32. Qf6 Qc6 33. Bh6 a5 34. Rb1 a4 35. Bc1 Kb8 36. Ba3 Qc8 37. Bd6+ Ka8 38. Rb4 Bd7 39. Qff7 Bc6 40. Qxd5 1-0

[Event "EYTCC Open U18 2022"]
[Site "Thessaloniki"]
[Date "2022.07.17"]
[Round "6.27"]
[White "Turk, Talha Gunes"]
[Black "Marakovits, Nico"]
[Result "0-1"]
[ECO "B33"]
[WhiteElo "1597"]
[BlackElo "2259"]
[Annotator "ChessBase"]
[PlyCount "74"]
[EventDate "2022.07.12"]
[EventType "team-tourn"]
[EventCountry "GRE"]
[SourceTitle "playchess.com"]
[Source "ChessBase"]
[SourceQuality "1"]
[WhiteTeam "Turkey"]
[BlackTeam "Austria"]
[WhiteTeamCountry "TUR"]
[BlackTeamCountry "AUT"]
[TimeControl "40/5400+30:1800+30"]

1. e4 c5 2. Nf3 Nc6 3. d4 cxd4 4. Nxd4 Nf6 5. Nc3 e5 6. Ndb5 d6 7. Bg5 a6 8. Na3 b5 9. Nd5 Be7 10. Bxf6 Bxf6 11. c4 b4 12. Nc2 O-O 13. Nxf6+ Qxf6 14. Qd2 a5 15. O-O-O Rd8 16. Ne3 Be6 17. g4 Qf4 18. Rg1 Nd4 19. Rg3 Rac8 20. Bd3 Nf3 21. Qe2 Nd4 22. Qd2 Qg5 23. Rh1 Qe7 24. Kb1 Qb7 25. f3 a4 26. Rhg1 b3 27. a3 Qa7 28. R1g2 Nc2 29. Nf5 Bxc4 30. Bxc4 Rxc4 31. Rh3 Rdc8 32. Qg5 f6 33. Qh4 Nxa3+ 34. bxa3 Rc1+ 35. Kb2 R8c2+ 36. Rxc2 Rxc2+ 37. Ka1 Qg1+ 0-1

[Event "EYTCC Open U18 2022"]
[Site "Thessaloniki"]
[Date "2022.07.17"]
[Round "6.28"]
[White "Pilshofer, Paul"]
[Black "Kayrak, Murat"]
[Result "1-0"]
[ECO "D02"]
[WhiteElo "2223"]
[BlackElo "1561"]
[Annotator "ChessBase"]
[PlyCount "69"]
[EventDate "2022.07.12"]
[EventType "team-tourn"]
[EventCountry "GRE"]
[SourceTitle "playchess.com"]
[Source "ChessBase"]
[SourceQuality "1"]
[WhiteTeam "Austria"]
[BlackTeam "Turkey"]
[WhiteTeamCountry "AUT"]
[BlackTeamCountry "TUR"]
[TimeControl "40/5400+30:1800+30"]

1. d4 d5 2. Nf3 Nf6 3. g3 c6 4. Bg2 Bf5 5. O-O e6 6. c4 Nbd7 7. Nc3 h6 8. Nd2 Be7 9. e4 dxe4 10. Ndxe4 O-O 11. Be3 Nxe4 12. Nxe4 Nf6 13. Nc3 Ng4 14. Bf4 Qb6 15. Na4 Qa6 16. Qb3 Rad8 17. h3 Nf6 18. Rfd1 Be4 19. Bf1 b6 20. d5 Nd7 21. dxe6 fxe6 22. c5 b5 23. Qxe6+ Rf7 24. Qxe4 Qxa4 25. Qxa4 bxa4 26. Bc7 Rff8 27. Bxd8 Rxd8 28. Rac1 Ne5 29. Rxd8+ Bxd8 30. f4 Nf3+ 31. Kf2 Nd4 32. Rc4 Ne6 33. Re4 Nc7 34. Rxa4 Be7 35. b4 1-0

[Event "EYTCC Open U18 2022"]
[Site "Thessaloniki"]
[Date "2022.07.17"]
[Round "6.29"]
[White "Bilych, Olexiy"]
[Black "Risteski, Emil"]
[Result "1/2-1/2"]
[ECO "B40"]
[WhiteElo "2365"]
[BlackElo "2405"]
[Annotator "ChessBase"]
[PlyCount "90"]
[EventDate "2022.07.12"]
[EventType "team-tourn"]
[EventCountry "GRE"]
[SourceTitle "playchess.com"]
[Source "ChessBase"]
[SourceQuality "1"]
[WhiteTeam "Ukraine"]
[BlackTeam "Macedonia"]
[WhiteTeamCountry "UKR"]
[BlackTeamCountry "MKD"]
[TimeControl "40/5400+30:1800+30"]

1. e4 c5 2. Nf3 e6 3. d4 cxd4 4. Nxd4 Nf6 5. Nc3 Nc6 6. Nxc6 bxc6 7. e5 Nd5 8. Ne4 Qc7 9. f4 Qb6 10. c4 Ne3 11. Qd3 Bb4+ 12. Bd2 Ba6 13. Rc1 Bxc4 14. Rxc4 Nxc4 15. Qxc4 Bxd2+ 16. Nxd2 Qxb2 17. Bd3 O-O 18. Ke2 Rab8 19. Qe4 g6 20. Bc4 f6 21. Qd3 fxe5 22. Qxd7 exf4 23. Qxe6+ Kh8 24. Rb1 Rfe8 25. Rxb2 Rxe6+ 26. Bxe6 Rxb2 27. Bb3 c5 28. Kd3 c4+ 29. Bxc4 Rb8 30. a4 Kg7 31. a5 Rd8+ 32. Ke2 Rd4 33. a6 g5 34. Be6 h5 35. h3 Kf6 36. Bc8 Ra4 37. Bb7 g4 38. hxg4 hxg4 39. Ne4+ Ke5 40. Nc3 Ra3 41. Nb5 Ra2+ 42. Kf1 Ra1+ 43. Kf2 Ra2+ 44. Kf1 Ra1+ 45. Kf2 Ra2+ 1/2-1/2

[Event "EYTCC Open U18 2022"]
[Site "Thessaloniki"]
[Date "2022.07.17"]
[Round "6.30"]
[White "Veljanoski, Andrej"]
[Black "Prokofiev, Valentyn"]
[Result "1-0"]
[ECO "B41"]
[WhiteElo "2162"]
[BlackElo "2286"]
[Annotator "ChessBase"]
[PlyCount "89"]
[EventDate "2022.07.12"]
[EventType "team-tourn"]
[EventCountry "GRE"]
[SourceTitle "playchess.com"]
[Source "ChessBase"]
[SourceQuality "1"]
[WhiteTeam "Macedonia"]
[BlackTeam "Ukraine"]
[WhiteTeamCountry "MKD"]
[BlackTeamCountry "UKR"]
[TimeControl "40/5400+30:1800+30"]

1. e4 c5 2. Nf3 e6 3. d4 cxd4 4. Nxd4 a6 5. c4 Nf6 6. Nc3 d6 7. Be3 Be7 8. Be2 O-O 9. Qd2 b6 10. f3 Bb7 11. O-O-O Nbd7 12. g4 Rc8 13. g5 Ne8 14. Kb1 g6 15. h4 e5 16. Nc2 f5 17. exf5 Rxf5 18. h5 Nf8 19. hxg6 hxg6 20. Nd5 Rc5 21. Bxc5 bxc5 22. Bd3 Rxf3 23. Qh2 Bxd5 24. Bxg6 Nxg6 25. Qh7+ Kf8 26. cxd5 Bxg5 27. Qxg6 Qf6 28. Qe4 Rf4 29. Qe2 a5 30. Rdf1 Qf7 31. Rxf4 Bxf4 32. Rd1 Nc7 33. Qe4 Nb5 34. a4 Nd4 35. Nxd4 cxd4 36. Rh1 Kg8 37. Rg1+ Kf8 38. Rh1 Kg8 39. Rh3 Be3 40. Qg4+ Qg7 41. Qe6+ Kf8 42. Qxd6+ Ke8 43. Qe6+ Kd8 44. d6 d3 45. Rh8+ 1-0

[Event "EYTCC Open U18 2022"]
[Site "Thessaloniki"]
[Date "2022.07.17"]
[Round "6.31"]
[White "Hulka, Valentyn"]
[Black "Jordanov, Mihail"]
[Result "1/2-1/2"]
[ECO "D00"]
[WhiteElo "2123"]
[BlackElo "2158"]
[Annotator "TA"]
[PlyCount "82"]
[EventDate "2022.07.12"]
[EventType "team-tourn"]
[EventCountry "GRE"]
[SourceTitle "playchess.com"]
[Source "ChessBase"]
[SourceQuality "1"]
[WhiteTeam "Ukraine"]
[BlackTeam "Macedonia"]
[WhiteTeamCountry "UKR"]
[BlackTeamCountry "MKD"]
[TimeControl "40/5400+30:1800+30"]

1. d4 d5 2. g3 c6 3. Nf3 Nf6 4. c4 Bf5 5. Nc3 e6 6. Nh4 {[%emt 0:00:02] D11: Slav Defence: 3 Nf3 sidelines and 3...Nf6 4 e3 Bg4.} dxc4 7. Nxf5 exf5 8. e3 Nbd7 9. Bxc4 {[%emt 0:00:14] [#] aiming for Qb3.} Nb6 10. Bb3 Qd7 11. Qf3 Bd6 12. Bd2 {[%emt 0:00:14] [#]} h5 $146 ({Predecessor:} 12... O-O 13. h3 Bb4 14. Bc2 g6 15. O-O-O Nfd5 16. Nxd5 Bxd2+ 17. Rxd2 cxd5 18. Bd3 Rac8+ {1-0 (25) So,W (2770)-Shankland,S (2691) chess24.com INT 2021}) 13. h4 O-O 14. O-O Rfe8 15. Rfe1 Bf8 16. Rad1 Nbd5 17. Nxd5 cxd5 18. Rc1 Rac8 19. Rxc8 Rxc8 20. Rc1 Rxc1+ 21. Bxc1 Qc6 22. Qd1 Ne4 23. Kg2 Bd6 24. Bd2 g6 25. Be1 (25. Ba5 {feels hotter.} Qb5 26. Be1 Kf8 27. a4) 25... Kg7 26. Qc2 (26. a3 {is more complex.} Bc7 27. Bc2 Qb5 28. Qb1) 26... Qxc2 27. Bxc2 $11 {[%emt 0:00:01][%mdl 4096] Endgame KBB-KBN} Kf8 28. f3 Nf6 29. Kf2 Ke7 30. Ke2 Kd7 {[%emt 0:01:25] The position is equal.} 31. Ba4+ Kc7 32. Bb3 Kc6 33. Ba4+ b5 34. Bb3 a6 35. Kf2 Kb6 36. Ke2 Kc6 37. Kf2 Bc7 38. Ke2 a5 39. a4 b4 40. Bc2 Bb6 41. Bd3 Kd6 {[%emt 0:09:05] A rather calm draw.  Weighted Error Value: White=0.04 (flawless) /Black=0.03 (flawless)} 1/2-1/2

[Event "EYTCC Open U18 2022"]
[Site "Thessaloniki"]
[Date "2022.07.17"]
[Round "6.32"]
[White "Zlatkov, Anton"]
[Black "Podolskyi, Mykhailo"]
[Result "0-1"]
[ECO "B40"]
[WhiteElo "2149"]
[BlackElo "2025"]
[Annotator "TA"]
[PlyCount "113"]
[EventDate "2022.07.12"]
[EventType "team-tourn"]
[EventCountry "GRE"]
[SourceTitle "playchess.com"]
[Source "ChessBase"]
[SourceQuality "1"]
[WhiteTeam "Macedonia"]
[BlackTeam "Ukraine"]
[WhiteTeamCountry "MKD"]
[BlackTeamCountry "UKR"]
[TimeControl "40/5400+30:1800+30"]

1. e4 c5 2. Nf3 e6 3. d3 Nc6 4. g3 d6 5. Bg2 Nf6 6. O-O Be7 7. Re1 O-O {[%emt 0:03:08] B30: Sicilian: 2...Nc6 3 Bb5, lines without ...g6.} 8. d4 d5 9. exd5 {[%emt 0:15:10] [#]} Nxd5 $146 {[%emt 0:00:23] White has an edge.} ({Predecessor:} 9... exd5 10. Nc3 Bg4 11. Be3 c4 12. Ne2 Qd7 13. c3 Ne4 14. Nf4 g5 15. Nh3 Bxh3 16. Ne5 Nxe5 17. dxe5 Bxg2 18. Kxg2 {0-1 (21) Robers,F-Hoermann,G freechess.de 2016}) 10. dxc5 Bxc5 11. Qe2 Nf6 12. Nc3 Qe7 13. Bg5 Bb4 14. Qe3 h6 15. Bf4 (15. Bh4 $5 ) 15... Bd7 16. Rad1 Rac8 17. a3 Bc5 18. Qe2 Rfd8 19. Ne4 Nxe4 20. Qxe4 Be8 21. b4 Bd6 22. Bc1 a5 23. b5 Nb8 24. a4 b6 25. Bf1 (25. Nd4 $14) 25... Nd7 $11 26. Bd3 {[%emt 0:01:42] [#] White wants to mate with Qh7+.} Nf6 {[%emt 0:00:11] Inhibits Qh7+.} 27. Qh4 Bb4 28. Rf1 Rd5 29. g4 {[%emt 0:03:01] Prevents Rh5.} Nd7 (29... Bc3 $5 ) 30. Qxe7 Bxe7 31. c4 $1 Rxd3 32. Rxd3 Nc5 $36 {[%emt 0:00:04][%mdl 2048] Black has some pressure.} 33. Rd4 Nb3 34. Re4 {[%emt 0:00:32] Strongly threatening Be3.} Nc5 $1 35. Rd4 Bf6 36. Rd6 (36. Rf4 $1 $11) 36... Nxa4 $17 37. g5 hxg5 38. Bxg5 Rxc4 (38... Bxg5 $17 39. Nxg5 Rxc4) 39. Bxf6 $11 gxf6 40. Rd8 Kf8 41. Rfd1 {[%emt 0:09:39] Ra8 is the strong threat.} Ke7 {[%emt 0:02:55] Hoping for ...Nc3.} 42. R8d4 Bxb5 {[%emt 0:01:32] White must now prevent ...Rc8.} 43. Rxc4 Bxc4 $15 {[%emt 0:00:03][%mdl 4096] Endgame KRN-KBN} 44. Nd4 f5 ({Black should try} 44... Ke8 $17 45. h4 Nc5) 45. f4 Kf6 46. Rc1 Bd5 47. Rc7 ({White should play} 47. Kf2 $15) 47... Nc5 $17 48. Kf2 a4 49. Nf3 Bxf3 (49... e5 $17 {And now ...Nd3+ would win.} 50. fxe5+ Kg6) 50. Kxf3 {[%emt 0:00:01] KR-KN} Nb3 $1 {[%emt 0:00:01] aiming for ...a3.} 51. Ke3 $2 {[%emt 0:01:24][%mdl 8192] White does not recover from this.} (51. Ra7 $15) 51... a3 $19 {[%emt 0:00:23] ( -> ...a2)} 52. Rc2 {[%emt 0:00:01] [#]} b5 $1 53. Rg2 b4 54. h4 Nc1 {[%emt 0:00:23] Black mates.} 55. Rg1 a2 56. Rxc1 b3 57. Kd4 {Weighted Error Value: White=0.41/Black=0.11 (very precise)} 0-1

[Event "EYTCC Open U18 2022"]
[Site "Thessaloniki"]
[Date "2022.07.17"]
[Round "6.33"]
[White "Magalakis, Stefanos"]
[Black "Stoimenidis, Dimitrios"]
[Result "1/2-1/2"]
[ECO "A46"]
[WhiteElo "2181"]
[BlackElo "1993"]
[Annotator "ChessBase"]
[PlyCount "57"]
[EventDate "2022.07.12"]
[EventType "team-tourn"]
[EventCountry "GRE"]
[SourceTitle "playchess.com"]
[Source "ChessBase"]
[SourceQuality "1"]
[WhiteTeam "Greece"]
[BlackTeam "Greece"]
[WhiteTeamCountry "GRE"]
[BlackTeamCountry "GRE"]
[TimeControl "40/5400+30:1800+30"]

1. d4 Nf6 2. Nf3 e6 3. Bg5 c5 4. e3 Be7 5. Nbd2 cxd4 6. exd4 b6 7. Bd3 Bb7 8. c3 d6 9. Bxf6 Bxf6 10. Qe2 Nd7 11. h4 Be7 12. O-O-O Qc7 13. Ng5 Nf6 14. Rhe1 h6 15. Bb5+ Kf8 16. Ngf3 a6 17. Bd3 b5 18. Kb1 Nd5 19. g3 Nb6 20. Rc1 g6 21. h5 g5 22. Nh2 Bd5 23. Ng4 Nc4 24. Ne3 Nxd2+ 25. Qxd2 Bf3 26. Be2 Be4+ 27. Bd3 Bf3 28. Be2 Be4+ 29. Bd3 1/2-1/2

[Event "EYTCC Open U18 2022"]
[Site "Thessaloniki"]
[Date "2022.07.17"]
[Round "6.34"]
[White "Karamichos, Michail"]
[Black "Georgiadis, Athanasios Kat"]
[Result "1/2-1/2"]
[ECO "A48"]
[WhiteElo "1839"]
[BlackElo "1689"]
[Annotator "NA COMBH"]
[PlyCount "128"]
[EventDate "2022.07.12"]
[EventType "team-tourn"]
[EventCountry "GRE"]
[SourceTitle "playchess.com"]
[Source "ChessBase"]
[SourceQuality "1"]
[WhiteTeam "Greece"]
[BlackTeam "Greece"]
[WhiteTeamCountry "GRE"]
[BlackTeamCountry "GRE"]
[TimeControl "40/5400+30:1800+30"]

1. d4 Nf6 2. Nf3 g6 3. Bg5 Bg7 4. Nbd2 O-O 5. c3 d5 6. e3 h6 7. Bf4 Nh5 8. Be5 f6 9. Bg3 Nxg3 10. hxg3 e5 11. Qb3 exd4 12. cxd4 c6 13. Bd3 f5 14. O-O g5 15. Qc2 Be6 16. b4 Nd7 17. a4 Qe7 18. Rab1 Rac8 19. Nb3 b6 20. Qd2 Qe8 21. Nc1 Nf6 22. Ne2 Ne4 23. Qa2 Kh8 24. Qa3 Bf7 25. Rfd1 Qe6 26. Ne1 Rfe8 27. Nc2 Bf8 28. Qb2 Kg8 29. Rbc1 Bd6 30. Nc3 f4 31. gxf4 gxf4 32. Bxe4 dxe4 33. exf4 Bxf4 34. Ne3 Bxe3 35. fxe3 Qg6 36. Ne2 Kh7 37. Nf4 Qg5 38. b5 cxb5 39. Qxb5 Qxb5 40. axb5 Bc4 41. Rb1 Kg7 42. Rb4 Kf6 43. Kf2 Ke7 44. Rh1 Bf7 45. Rb2 Rh8 46. Ke2 Kd6 47. Kd2 h5 48. Rb4 Rc7 49. Rb2 Rcc8 50. Rh4 Rhg8 51. Rh1 Rg5 52. Rb4 Rc7 53. Rhb1 Rg8 54. Ra1 Rgc8 55. Rb2 Rg8 56. Ke2 Bc4+ 57. Kd2 Bf7 58. Rc2 Rxc2+ 59. Kxc2 Rg7 60. Kc3 Be8 61. Rb1 Rc7+ 62. Kd2 Rg7 63. Rb2 Rg5 64. Ra2 Rg7 1/2-1/2

[Event "EYTCC Open U18 2022"]
[Site "Thessaloniki"]
[Date "2022.07.17"]
[Round "6.35"]
[White "Gerasopoulos, Nikolaos"]
[Black "Tagkaloglou, Savvas Stefanos"]
[Result "0-1"]
[ECO "C02"]
[WhiteElo "1526"]
[BlackElo "1724"]
[Annotator "NA COMBH"]
[PlyCount "98"]
[EventDate "2022.07.12"]
[EventType "team-tourn"]
[EventCountry "GRE"]
[SourceTitle "playchess.com"]
[Source "ChessBase"]
[SourceQuality "1"]
[WhiteTeam "Greece"]
[BlackTeam "Greece"]
[WhiteTeamCountry "GRE"]
[BlackTeamCountry "GRE"]
[TimeControl "40/5400+30:1800+30"]

1. e4 e6 2. d4 d5 3. e5 c5 4. c3 Nc6 5. Nf3 Qb6 6. Bd3 Bd7 7. Bc2 cxd4 8. cxd4 Nb4 9. O-O Nxc2 10. Qxc2 Rc8 11. Nc3 Ne7 12. Be3 Nf5 13. Qd2 Bb4 14. Rac1 O-O 15. a3 Bxc3 16. Rxc3 Rxc3 17. Qxc3 Rc8 18. Qd2 Bb5 19. Rc1 Bc4 20. Rc3 Rc6 21. Bg5 h6 22. Bf4 Qd8 23. g4 Ne7 24. Bxh6 gxh6 25. Qxh6 Qf8 26. Qg5+ Ng6 27. Nh4 Qe7 28. Qxe7 Nxe7 29. f4 Ba6 30. f5 Rxc3 31. bxc3 exf5 32. gxf5 f6 33. exf6 Nc6 34. Ng6 Kf7 35. Nf4 Bc4 36. Nh5 Bd3 37. Nf4 Be4 38. Kf2 Kxf6 39. Ke3 Kxf5 40. Ne2 Kg4 41. c4 Na5 42. cxd5 Bxd5 43. Nc3 Bc6 44. d5 Bd7 45. Kd4 Kf5 46. h4 Nb3+ 47. Kc4 Nd2+ 48. Kc5 Ke5 49. h5 b6+ 0-1

[Event "EYTCC Open U18 2022"]
[Site "Thessaloniki"]
[Date "2022.07.17"]
[Round "6.36"]
[White "Stoimenidis, Markos"]
[Black "Skodras, Marios Konstantinos"]
[Result "0-1"]
[ECO "C54"]
[WhiteElo "1297"]
[BlackElo "1446"]
[Annotator "NA COMBH"]
[PlyCount "118"]
[EventDate "2022.07.12"]
[EventType "team-tourn"]
[EventCountry "GRE"]
[SourceTitle "playchess.com"]
[Source "ChessBase"]
[SourceQuality "1"]
[WhiteTeam "Greece"]
[BlackTeam "Greece"]
[WhiteTeamCountry "GRE"]
[BlackTeamCountry "GRE"]
[TimeControl "40/5400+30:1800+30"]

1. e4 e5 2. Nf3 Nc6 3. Bc4 Bc5 4. c3 Nf6 5. d3 h6 6. Nbd2 O-O 7. O-O d6 8. b4 Bb6 9. Bb3 Re8 10. Nc4 Bg4 11. Ne3 Bh5 12. Nf5 Qd7 13. Qd2 Nh7 14. Nxg7 Bxf3 15. Nf5 Bg4 16. Nxh6+ Kg7 17. Nxf7 Re6 18. Bxe6 Qxe6 19. Ng5 Nxg5 20. Qxg5+ Qg6 21. Qxg6+ Kxg6 22. h3 Be2 23. Re1 Bxd3 24. Be3 Ne7 25. Bxb6 axb6 26. Re3 Bc4 27. a3 Kf6 28. g4 Ng6 29. Rf3+ Nf4 30. Kh2 Kg5 31. Kg3 Rh8 32. Rh1 Rh4 33. Re3 Ne2+ 34. Kf3 Nf4 35. Ree1 Be6 36. Kg3 Bc4 37. Kf3 b5 38. Ra1 d5 39. Rh2 c6 40. Re1 Nd3 41. Re3 d4 42. cxd4 exd4 43. Rxd3 Bxd3 44. Kg3 Rh8 45. f4+ Kg6 46. Rd2 Bxe4 47. Rxd4 Bd5 48. h4 Kf6 49. h5 b6 50. Rd2 Re8 51. g5+ Kf5 52. h6 Re3+ 53. Kh4 Kg6 54. Rf2 Be6 55. Rh2 c5 56. h7 Kxh7 57. Kh5 Rh3+ 58. Rxh3 Bxh3 59. g6+ Kg7 0-1

[Event "EYTCC Open U18 2022"]
[Site "Thessaloniki"]
[Date "2022.07.17"]
[Round "6.37"]
[White "Olenik Campa, Rudi"]
[Black "Betsakou, Sofia"]
[Result "1-0"]
[ECO "A00"]
[WhiteElo "2203"]
[BlackElo "1412"]
[Annotator "ChessBase"]
[PlyCount "85"]
[EventDate "2022.07.12"]
[EventType "team-tourn"]
[EventCountry "GRE"]
[SourceTitle "playchess.com"]
[Source "ChessBase"]
[SourceQuality "1"]
[WhiteTeam "Slovenia"]
[BlackTeam "Greece"]
[WhiteTeamCountry "SLO"]
[BlackTeamCountry "GRE"]
[TimeControl "40/5400+30:1800+30"]

1. g3 g6 2. Bg2 Bg7 3. e4 d6 4. Ne2 c5 5. O-O Nf6 6. c3 O-O 7. d4 cxd4 8. cxd4 e5 9. Nbc3 a6 10. h3 Nbd7 11. Be3 Re8 12. f4 b5 13. a3 Rb8 14. g4 exf4 15. Nxf4 Bb7 16. d5 Ne5 17. Nd3 Nfd7 18. Nxe5 Nxe5 19. Bd4 Qd7 20. b3 a5 21. Ne2 Ba6 22. b4 a4 23. Rc1 Rbc8 24. Qd2 Rxc1 25. Rxc1 Rc8 26. Kh1 Rxc1+ 27. Qxc1 Qc8 28. Qxc8+ Bxc8 29. Nc3 Nc4 30. Bxg7 Kxg7 31. Nxb5 Bd7 32. Nc3 Nxa3 33. Bf1 Nc2 34. b5 a3 35. b6 Bc8 36. e5 dxe5 37. d6 Nb4 38. Bb5 Kf6 39. Kh2 a2 40. Nxa2 Nxa2 41. d7 Bxd7 42. Bxd7 Nb4 43. Bb5 1-0

[Event "EYTCC Open U18 2022"]
[Site "Thessaloniki"]
[Date "2022.07.17"]
[Round "6.38"]
[White "Betsakos, Haralampos"]
[Black "Gregoric, Andraz"]
[Result "0-1"]
[ECO "A46"]
[WhiteElo "1183"]
[BlackElo "2199"]
[Annotator "ChessBase"]
[PlyCount "108"]
[EventDate "2022.07.12"]
[EventType "team-tourn"]
[EventCountry "GRE"]
[SourceTitle "playchess.com"]
[Source "ChessBase"]
[SourceQuality "1"]
[WhiteTeam "Greece"]
[BlackTeam "Slovenia"]
[WhiteTeamCountry "GRE"]
[BlackTeamCountry "SLO"]
[TimeControl "40/5400+30:1800+30"]

1. d4 Nf6 2. Nf3 e6 3. Bf4 d5 4. e3 Bd6 5. Bg3 c5 6. c3 Qc7 7. Nbd2 Nbd7 8. Bd3 O-O 9. Rc1 e5 10. dxe5 Nxe5 11. Nxe5 Bxe5 12. Nf3 Bxg3 13. hxg3 Bg4 14. Qc2 g6 15. Be2 Rad8 16. O-O b6 17. Rfd1 Rfe8 18. Nh2 Bc8 19. Nf3 Qe7 20. Bb5 Bd7 21. Bxd7 Rxd7 22. c4 Red8 23. cxd5 Nxd5 24. Qe2 Nf6 25. Rxd7 Qxd7 26. Qc2 Qd5 27. a3 h5 28. Qc3 Ne4 29. Qc2 Nf6 30. Kf1 Ng4 31. Qc4 Qd6 32. Qc3 Rd7 33. Ke1 Qe7 34. Rc2 Qe4 35. Qc4 Qf5 36. Ke2 b5 37. Qc3 a5 38. Rd2 b4 39. axb4 axb4 40. Qc2 Rxd2+ 41. Qxd2 Qb1 42. Ne1 Ne5 43. Qc2 Qa1 44. b3 c4 45. bxc4 Qa3 46. Nd3 b3 47. Qc3 Nxd3 48. Qxd3 Qa2+ 49. Kf3 b2 50. Qd8+ Kg7 51. Qd4+ Kh7 52. Qd5 Qa7 53. Qb5 Qa1 54. Qb7 b1=Q 0-1

[Event "EYTCC Open U18 2022"]
[Site "Thessaloniki"]
[Date "2022.07.17"]
[Round "6.39"]
[White "Skrbec, Leon"]
[Black "Karkanas, Stylianos"]
[Result "1-0"]
[ECO "E68"]
[WhiteElo "2103"]
[BlackElo "1089"]
[Annotator "TA"]
[PlyCount "65"]
[EventDate "2022.07.12"]
[EventType "team-tourn"]
[EventCountry "GRE"]
[SourceTitle "playchess.com"]
[Source "ChessBase"]
[SourceQuality "1"]
[WhiteTeam "Slovenia"]
[BlackTeam "Greece"]
[WhiteTeamCountry "SLO"]
[BlackTeamCountry "GRE"]
[TimeControl "40/5400+30:1800+30"]

1. d4 Nf6 2. c4 g6 3. Nc3 Bg7 4. g3 O-O 5. Bg2 d6 6. Nf3 Nbd7 7. O-O e5 8. e4 Re8 9. Re1 {[%emt 0:00:59] E68: King's Indian: Fianchetto: 6...Nbd7 7 0-0 e5 8 e4.} a5 10. h3 exd4 11. Nxd4 {[%emt 0:00:06] White has an edge.} Ne5 12. b3 Nfd7 {[%emt 0:06:06] [#]} (12... Bd7 $14) 13. f4 $146 ({Predecessor:} 13. Be3 Nc5 14. Re2 Bd7 15. Rd2 a4 16. Rb1 axb3 17. axb3 Qc8 18. f4 Nc6 19. b4 {1-0 (38) Pavlov,S (2479)-Semenova,I (2240) Voronezh 2013}) 13... Nc6 14. Nxc6 bxc6 15. Bb2 (15. e5 dxe5 16. Qc2 (16. Bxc6 $2 Ra6 $19) 16... e4 $17) 15... Nc5 16. Qc2 Bd7 (16... a4 $5) 17. Rad1 Qc8 18. Kh2 a4 (18... Rb8 $14) 19. b4 Ne6 20. e5 a3 21. Bc1 {[%emt 0:00:16] White is more active.} (21. Ba1 $5 ) 21... Bf8 (21... dxe5 $16 22. fxe5 Nf8) 22. Ne4 Be7 {[%emt 0:03:51] [#]} (22... Bg7 23. Qd3 (23. exd6 f5 $18) 23... Qb8 24. exd6 Rd8 25. dxc7 (25. Bxa3 cxd6 26. f5 Nd4 $16) 25... Nxc7) 23. exd6 $18 cxd6 24. Nxd6 Bxd6 25. Rxd6 Nf8 26. Rxe8 Qxe8 27. Qc3 Qe2 28. Rd2 Qe1 29. b5 (29. Rd3 $18 {and White stays clearly on top.} Qxc3 30. Rxc3) 29... Rc8 $2 (29... Re8 $16 30. Rc2 (30. Bxa3 $2 Re3 $19) (30. Bxc6 $2 Bxc6 31. bxc6 Re2+ 32. Rxe2 Qxc3 $19) 30... Qxc3 31. Rxc3 cxb5) 30. Bxa3 {[%emt 0:00:52] White wants to mate with Bb2.} cxb5 31. Bb2 {[%emt 0:00:16][%csl Gb2][%cal Rc3g7] This bishop pair is nice. White mates.} f6 {[%emt 0:03:08] [#]} 32. Qxf6 $1 Qxd2 (32... Qxg3+ 33. Kxg3) 33. Qg7# {[%emt 0:00:05] Weighted Error Value: White=0.20 (precise) /Black=0.60} 1-0